 Dungeon Crawl Stone Soup version 0.30-a0-169-g06f667207d (webtiles) character file.

Game seed: 1159993698425199217

411 Decritt the Trooper (level 7, 0/54 HPs)
             Began as a Djinni Conjurer on Sept 30, 2022.
             Slain by a wight
             ... wielding a +0 hand axe
              (8 damage)
             ... on level 3 of the Dungeon.
             The game lasted 00:08:54 (5377 turns).

Decritt the Trooper (Djinni Conjurer)               Turns: 5377, Time: 00:08:54

Health: 0/54       AC:  2    Str:  6    XL:     7   Next: 14%
Gold:   190        EV: 12    Int: 22    God:
                   SH:  5    Dex: 11

rFire   + + .      SeeInvis .    (no weapon)
rCold   x . .      Faith    .    (no shield)
rNeg    . . .      Spirit   .    a - +0 robe
rPois   ∞          Reflect  +    (no helmet)
rElec   .          Harm     .    (no cloak)
rCorr   .          Rampage  .    (no gloves)
Will    .....                    (boots unavailable)
Stlth   ++........               h - amulet of reflection
HPRegen 0.18/turn                (no ring)
MPRegen 0.00/turn                (no ring)

@: flying
A: sickness immunity, fire resistance 2, cold vulnerability 1, float, innate
caster, HP casting, extra vitality 1
a: no special abilities


You were on level 3 of the Dungeon.
You visited 1 branch of the dungeon, and saw 4 of its levels.
You also visited: Sewer.

You collected 190 gold pieces.

Inventory:

Armour
 a - a +0 robe (worn)
Jewellery
 h - an amulet of reflection (around neck)
Scrolls
 b - 2 scrolls of torment
 i - a scroll of noise
 j - a scroll of vulnerability
 o - a scroll of fog
 p - a scroll of blinking
 r - a scroll of identify
Potions
 d - 2 potions of curing
 f - a potion of brilliance
 g - a potion of ambrosia
 k - a potion of cancellation
 l - 2 potions of might
 n - a potion of attraction


   Skills:
 * Level 5.4 Fighting
 - Level 2.1 Dodging
 - Level 1.5 Stealth
 + Level 4.4 Spellcasting


You couldn't memorise any spells.
You knew the following spells:

 Your Spells              Type           Power      Damage    Failure   Level
a - Sandblast             Erth           48%        2d12      1%          1
b - Searing Ray           Conj           48%        2d6       2%          2
c - Iskenderun's Mystic   Conj/Tloc      24%        2d7       17%         4
d - Fulminant Prism       Conj/Hex       12%        3d9       17%         4
e - Dazzling Flash        Conj/Hex       48%        N/A       5%          3
f - Magic Dart            Conj           96%        1d7       1%          1
g - Call Imp              Summ           24%        N/A       2%          2
h - Frozen Ramparts       Ice            48%        1d8       5%          3
Your spell library was empty.

Dungeon Overview and Level Annotations

Branches:
Dungeon (4/15)              Sewer (visited)
 Temple: D:4-7

Altars:
Gozag


Innate Abilities, Weirdness & Mutations

You are immune to sickness and miasma.
You are immune to poison.
Your flesh is very heat resistant. (rF++)
You are vulnerable to cold. (rC-)
You float through the air rather than walking.
You learn spells naturally, not from books.
Your magical power is your life essence.
You have superior vitality. (+4 MHP)


Message History

Casting: Sandblast (safe; 1% risk of failure)
Confirm with . or Enter, or press ? or * to list all spells.
Aiming: Sandblast (safe; 1% risk of failure)
Press: ? - help, Shift-Dir - straight line, f/p - wight
Aim: a wight, wielding a +0 hand axe and wearing a +0 robe (83% to hit)
The blast of sand hits the wight.
The wight is lightly damaged.
* * * LOW HITPOINT WARNING * * *
You block the wight's attack.
Casting: Sandblast (safe; 1% risk of failure)
Confirm with . or Enter, or press ? or * to list all spells.
Aiming: Sandblast (safe; 1% risk of failure)
Press: ? - help, Shift-Dir - straight line, f/p - wight
Aim: a wight, wielding a +0 hand axe and wearing a +0 robe (lightly damaged, 83% to hit)
The blast of sand hits the wight but does no damage.
The wight is lightly damaged.
* * * LOW HITPOINT WARNING * * *
The wight closely misses you. The wight misses you.
Casting: Sandblast (safe; 1% risk of failure)
Confirm with . or Enter, or press ? or * to list all spells.
Aiming: Sandblast (safe; 1% risk of failure)
Press: ? - help, Shift-Dir - straight line, f/p - wight
Aim: a wight, wielding a +0 hand axe and wearing a +0 robe (lightly damaged, 83% to hit)
The blast of sand hits the wight.
The wight is moderately damaged.
* * * LOW HITPOINT WARNING * * *
The wight hits you with a +0 hand axe!
* * * LOW HITPOINT WARNING * * *
Casting: Sandblast (safe; 1% risk of failure)
Confirm with . or Enter, or press ? or * to list all spells.
Aiming: Sandblast (safe; 1% risk of failure)
Press: ? - help, Shift-Dir - straight line, f/p - wight
Aim: a wight, wielding a +0 hand axe and wearing a +0 robe (moderately damaged, 83% to hit)
The blast of sand hits the wight.
The wight is heavily damaged.
* * * LOW HITPOINT WARNING * * *
The wight hits you with a +0 hand axe!
* * * LOW HITPOINT WARNING * * *
The wight hits you with a +0 hand axe!
You die...

#.# ####### #.##.#..##.# #.#
#.##.#..##.# #.#
###########.##.#...#.# #.#
#..............#...#.# #.#
#.#######............. #.#
##'#................#.. #.#
#.....#......#......### #.#
#......z####..........#
#.#########.....@................
#.#..........###..####.##########
#.#.#########................))).
#.#.##........###....#.##########
#.#.##.#####..#......#.# #.....
#.#.##..####..####.#...## #.#.##
#.#.##..##....####.#....####.#...
#.#.##..##...................#.##
#.#.##..##....##...(.#....####.#.


You could see a wight.

Vanquished Creatures
  Pargi (Sewer)
  A wight (D:4)
  3 iguanas
  7 gnolls (D:3)
  3 adders
  3 worms
  2 dart slugs (D:2)
  4 bats
  6 endoplasms
  8 giant cockroaches
  3 goblins
  3 hobgoblins
  13 jackals
  6 kobolds
  5 quokkas
  8 ball pythons
  7 frilled lizards
  3 rats
86 creatures vanquished.

Notes
Turn   | Place    | Note
-------+----------+-------------------------------------------
     0 | D:1      | Decritt the Djinni Conjurer began the quest for the Orb.
     0 | D:1      | Decritt set off with the following spells memorised: Magic
                  | Dart, Searing Ray, Dazzling Flash, Fulminant Prism,
                  | Iskenderun's Mystic Blast.
     0 | D:1      | Reached XP level 1. HP: 15/15 MP: 0/0
   266 | D:1      | Reached skill level 1 in Fighting
   293 | D:1      | Reached XP level 2. HP: 19/22 MP: 0/0
   975 | D:1      | Reached XP level 3. HP: 27/28 MP: 0/0
   975 | D:1      | Learned a level 1 spell: Sandblast
  1125 | D:1      | Reached skill level 2 in Fighting
  2375 | D:2      | Reached XP level 4. HP: 32/34 MP: 0/0
  2642 | D:3      | Found a faded altar of an unknown god.
  2729 | D:3      | Reached skill level 3 in Fighting
  3077 | D:3      | Reached XP level 5. HP: 26/40 MP: 0/0
  3077 | D:3      | Learned a level 2 spell: Call Imp
  4122 | D:4      | Reached skill level 4 in Fighting
  4198 | D:4      | Reached XP level 6. HP: 41/48 MP: 0/0
  4386 | D:4      | Found a glowing drain.
  4390 | Sewer    | Entered a sewer
  4506 | Sewer    | Noticed Pargi
  4514 | Sewer    | Killed Pargi
  4515 | Sewer    | Reached skill level 5 in Fighting
  4894 | D:4      | Found an opulent altar of Gozag.
  5268 | D:4      | Reached XP level 7. HP: 40/54 MP: 0/0
  5268 | D:4      | Learned a level 3 spell: Frozen Ramparts
  5377 | D:3      | Slain by a wight

Illustrated notes

Levels and vault maps discovered:
D:1:      zelgadis_glass_arrival_small, layout_basic, serial_glass,
          glass_columns_a, glass_columns_a
D:2:      layout_loops_corners
D:3:      layout_basic, shapermc_ecumenical_altar_flowoftime
D:4:      layout_basic, grunt_gozag_breadcrumbs, gup_sewer_entry_spiral

Skill      XL: |  1  2  3  4  5  6 |
---------------+-------------------+-----
Fighting       | 1 2 3 4 5 |  5.4
Spellcasting   | 4 |  4.4
Dodging        | |  2.1
Stealth        | |  1.5

Action                   |  1- 3 |  4- 6 |  7- 9 || total
-------------------------+-------+-------+-------++-------
Melee: Unarmed           |     2 |       |       ||     2
 Cast: Magic Dart        |    57 |    32 |       ||    89
       Searing Ray       |     2 |    10 |       ||    12
       Sandblast         |    11 |    56 |     7 ||    74
  Use: Scroll            |       |    15 |       ||    15
       Potion            |       |     1 |       ||     1
Armor: Robe              |     2 |     5 |       ||     7
Dodge: Dodged            |     7 |    30 |     5 ||    42
Block: Other             |       |    15 |     1 ||    16

Table legend: (Time is in decaauts)
 A = Elapsed time spent in this place.
 B = Non-inter-level travel time spent in this place.
 C = Inter-level travel time spent in this place.
 D = Time resting spent in this place.
 E = Time spent auto-exploring this place.
 F = Levels seen in this place.
 G = Mean time per level.
                   A        B        C        D        E       F      G
               +--------+--------+--------+--------+--------+-----+--------+
         Total |   5395 |   5231 |    164 |   1091 |   3583 |   5 | 1079.0 |
       Dungeon |   5087 |   4923 |    164 |    911 |   3511 |   4 | 1271.8 |
         Sewer |    307 |    307 |      0 |    180 |     72 |   1 |  307.0 |
               +--------+--------+--------+--------+--------+-----+--------+

Top non-repeatable levels by time:
     D:3: 1816 daAuts
     D:1: 1438 daAuts
     D:2: 1117 daAuts
     D:4: 715 daAuts
   Sewer: 307 daAuts
